[ AOE2 MATCH · #494420166 ]
UnrankedJurchens vs Japanese
Player's team · LOSS
Rival team · WIN
[ REPLAY ANALYSIS · EXTRACTED FROM THE RECORDED GAME ]
Feudal
9:16
Castle
20:46
Imperial
—
| APM avg | 62.8 |
| APM peak | 108 |
| eAPM avg | 34.8 |
| Villagers / military | 187 / 28 |
Focus
⚔️ 36.4% · 🌾 63.6%
Iron Pagoda ×10 · Archer ×8 · Cavalry Archer ×7 · Steppe Lancer ×3 · Trade Cart ×1 · Unknown (1908) ×1
Feudal
9:01
Castle
23:54
Imperial
37:19
| APM avg | 60.2 |
| APM peak | 89 |
| eAPM avg | 28.8 |
| Villagers / military | 146 / 54 |
Focus
⚔️ 35.6% · 🌾 64.4%
Cavalry Archer ×21 · Skirmisher ×10 · Monk ×6 · Mangonel ×5 · Spearman ×5 · Militia ×4
Match map
Initial resources + every placement click. Lines = walls · curves = elevation contours. ◆ gold · ⬟ stone · ● berries · ✦ relic · ◌ wall gap
Your base· ✓ Closed at 20:46 · 64t walls · no gate
JOJO ROAD ROLLER's base· Open — opponent sealed themselves in
Smoothed initial terrain · ◌ = detected wall gap · hover for details
Inputs per minute
— Kalamalahala - - JOJO ROAD ROLLER
Build order — Kalamalahala
First 150 of 411 actions detected
| 0:01 | Create | Villager (Male) |
| 0:02 | Build | House |
| 0:03 | Build | House |
| 0:05 | Create | Villager (Male) |
| 0:06 | Create | Villager (Male) |
| 0:10 | Create | Villager (Male) |
| 1:26 | Create | Villager (Male) |
| 1:36 | Create | Villager (Male) |
| 1:37 | Create | Villager (Male) |
| 1:57 | Build | Lumber Camp |
| 2:29 | Create | Villager (Male) |
| 2:29 | Create | Villager (Male) |
| 2:29 | Create | Villager (Male) |
| 3:16 | Create | Villager (Male) |
| 3:16 | Create | Villager (Male) |
| 3:17 | Create | Villager (Male) |
| 3:25 | Build | House |
| 4:09 | Build | Mill |
| 4:11 | Create | Villager (Male) |
| 4:12 | Create | Villager (Male) |
| 4:19 | Create | Villager (Male) |
| 4:44 | Build | House |
| 4:48 | Create | Villager (Male) |
| 5:04 | Create | Villager (Male) |
| 5:07 | Create | Villager (Male) |
| 5:22 | Create | Villager (Male) |
| 5:24 | Create | Villager (Male) |
| 6:06 | Create | Villager (Male) |
| 6:06 | Research | Loom |
| 6:14 | Create | Villager (Male) |
| 7:00 | Research | Feudal Age |
| 7:05 | Build | House |
| 7:28 | Build | Barracks |
| 7:38 | Build | Barracks |
| 7:42 | Build | Palisade Wall |
| 7:42 | Create | Villager (Male) |
| 7:51 | Create | Villager (Male) |
| 8:00 | Build | Palisade Wall |
| 9:11 | Build | Palisade Wall |
| 9:13 | Build | Palisade Wall |
| 9:15 | Build | Palisade Wall |
| 9:16 | Age | Feudal Age |
| 9:17 | Build | Palisade Wall |
| 9:26 | Build | Palisade Wall |
| 9:26 | Build | Palisade Wall |
| 9:31 | Create | Villager (Male) |
| 9:32 | Create | Villager (Male) |
| 9:36 | Build | Mining Camp |
| 9:37 | Create | Villager (Male) |
| 9:40 | Build | Archery Range |
| 9:40 | Create | Villager (Male) |
| 9:43 | Build | Archery Range |
| 9:44 | Create | Villager (Male) |
| 9:47 | Create | Villager (Male) |
| 9:55 | Research | Double-Bit Axe |
| 9:58 | Build | House |
| 9:59 | Build | Palisade Wall |
| 10:01 | Create | Villager (Male) |
| 10:05 | Create | Villager (Male) |
| 10:14 | Build | Palisade Wall |
| 10:22 | Build | Palisade Wall |
| 10:38 | Create | Villager (Male) |
| 10:42 | Build | Stone Wall |
| 10:49 | Build | Stone Wall |
| 10:50 | Build | Stone Wall |
| 10:54 | Create | Villager (Male) |
| 10:55 | Create | Villager (Male) |
| 11:00 | Create | Archer |
| 11:05 | Create | Villager (Male) |
| 11:10 | Create | Archer |
| 11:27 | Build | Mining Camp |
| 11:32 | Build | Stone Wall |
| 11:33 | Build | Stone Wall |
| 11:35 | Build | Stone Wall |
| 11:36 | Create | Villager (Male) |
| 11:42 | Build | Blacksmith |
| 11:52 | Build | Mining Camp |
| 11:57 | Create | Villager (Male) |
| 12:12 | Create | Villager (Male) |
| 12:15 | Build | Palisade Wall |
| 12:17 | Build | Palisade Wall |
| 12:20 | Build | Palisade Wall |
| 12:27 | Create | Archer |
| 12:33 | Build | Farm |
| 12:34 | Build | Farm |
| 12:44 | Create | Villager (Male) |
| 12:50 | Build | Farm |
| 12:54 | Build | House |
| 13:02 | Create | Archer |
| 13:08 | Build | Farm |
| 13:17 | Build | Stone Wall |
| 13:17 | Build | Stone Wall |
| 13:18 | Build | Stone Wall |
| 13:24 | Build | Stone Wall |
| 13:30 | Build | Stone Wall |
| 13:31 | Build | Stone Wall |
| 13:37 | Create | Villager (Male) |
| 13:38 | Create | Villager (Male) |
| 13:40 | Create | Archer |
| 13:53 | Build | Palisade Wall |
| 13:56 | Build | House |
| 14:03 | Research | Fletching |
| 14:06 | Create | Villager (Male) |
| 14:11 | Build | Farm |
| 14:11 | Build | Farm |
| 14:11 | Build | Farm |
| 14:12 | Build | Farm |
| 14:12 | Build | Farm |
| 14:21 | Create | Villager (Male) |
| 14:27 | Build | Palisade Wall |
| 14:28 | Build | Palisade Wall |
| 14:28 | Build | Palisade Wall |
| 14:36 | Build | Farm |
| 14:37 | Build | Farm |
| 14:50 | Build | Farm |
| 14:52 | Create | Villager (Male) |
| 14:54 | Build | House |
| 15:00 | Create | Archer |
| 15:06 | Create | Villager (Male) |
| 15:19 | Create | Villager (Male) |
| 15:28 | Create | Villager (Male) |
| 15:30 | Build | Farm |
| 15:32 | Build | Farm |
| 16:01 | Build | Farm |
| 16:26 | Build | Palisade Wall |
| 16:37 | Create | Villager (Male) |
| 16:42 | Build | Lumber Camp |
| 16:44 | Create | Villager (Male) |
| 16:55 | Create | Villager (Male) |
| 16:59 | Build | Mining Camp |
| 17:09 | Create | Villager (Male) |
| 17:38 | Build | Stone Wall |
| 17:38 | Build | Stone Wall |
| 17:55 | Build | Stone Wall |
| 17:56 | Build | Stone Wall |
| 18:06 | Research | Castle Age |
| 18:09 | Create | Archer |
| 18:14 | Build | House |
| 18:19 | Build | House |
| 18:21 | Create | Villager (Male) |
| 18:23 | Build | Lumber Camp |
| 18:27 | Research | Horse Collar |
| 18:27 | Research | Horse Collar |
| 18:31 | Create | Villager (Male) |
| 18:53 | Create | Villager (Male) |
| 18:58 | Research | Gold Mining |
| 19:14 | Create | Villager (Male) |
| 19:19 | Build | Stable |
| 19:24 | Research | Scale Barding Armor |
| 19:24 | Research | Scale Barding Armor |
Build order — JOJO ROAD ROLLER
First 150 of 410 actions detected
| 0:02 | Create | Villager (Male) ×4 |
| 0:03 | Build | House |
| 0:04 | Build | House |
| 1:23 | Create | Villager (Male) |
| 2:08 | Create | Villager (Male) |
| 2:13 | Build | Lumber Camp |
| 2:38 | Create | Villager (Male) |
| 2:47 | Create | Villager (Male) |
| 3:05 | Create | Villager (Male) |
| 3:26 | Build | House |
| 3:32 | Create | Villager (Male) |
| 3:49 | Create | Villager (Male) |
| 4:20 | Create | Villager (Male) |
| 4:20 | Create | Villager (Male) |
| 4:27 | Build | Barracks |
| 5:10 | Build | House |
| 5:24 | Create | Villager (Male) |
| 5:25 | Create | Villager (Male) |
| 5:26 | Research | Loom |
| 5:43 | Build | Palisade Wall |
| 6:12 | Build | House |
| 6:32 | Build | Mining Camp |
| 6:51 | Research | Feudal Age |
| 6:59 | Build | Mill |
| 7:03 | Create | Militia |
| 7:18 | Create | Militia |
| 7:38 | Create | Militia |
| 7:43 | Build | Lumber Camp |
| 8:07 | Create | Militia |
| 8:27 | Build | Palisade Wall |
| 8:38 | Create | Villager (Male) |
| 9:01 | Age | Feudal Age |
| 9:02 | Research | Man-at-Arms (upgrade) |
| 9:31 | Create | Villager (Male) |
| 9:34 | Build | Archery Range |
| 9:35 | Build | House |
| 9:35 | Build | House |
| 9:38 | Build | Palisade Wall |
| 9:44 | Research | Arson |
| 9:59 | Build | Watch Tower |
| 10:01 | Create | Villager (Male) |
| 10:16 | Create | Villager (Male) |
| 10:23 | Build | House |
| 10:34 | Create | Archer |
| 10:38 | Create | Skirmisher |
| 10:50 | Build | Watch Tower |
| 10:53 | Create | Villager (Male) |
| 10:53 | Create | Villager (Male) |
| 10:55 | Build | Farm |
| 10:57 | Build | Farm |
| 11:00 | Build | Palisade Wall |
| 11:15 | Create | Villager (Male) |
| 11:38 | Build | House |
| 11:39 | Build | House |
| 11:42 | Build | House |
| 11:42 | Build | House |
| 11:43 | Create | Villager (Male) |
| 11:50 | Build | Palisade Wall |
| 11:51 | Build | Palisade Wall |
| 11:52 | Build | Palisade Wall |
| 11:52 | Build | Palisade Wall |
| 11:59 | Create | Villager (Male) |
| 12:03 | Build | Mining Camp |
| 12:13 | Create | Villager (Male) |
| 12:14 | Create | Villager (Male) |
| 12:30 | Create | Archer |
| 12:34 | Build | Outpost |
| 12:42 | Create | Villager (Male) |
| 12:44 | Create | Skirmisher |
| 12:47 | Create | Skirmisher |
| 12:50 | Build | House |
| 12:51 | Build | Palisade Wall |
| 13:08 | Build | House |
| 13:23 | Create | Villager (Male) |
| 13:31 | Build | Blacksmith |
| 13:34 | Build | House |
| 13:40 | Create | Villager (Male) |
| 13:50 | Create | Villager (Male) |
| 13:52 | Build | Farm |
| 13:53 | Build | Farm |
| 14:04 | Build | Farm |
| 14:26 | Build | Outpost |
| 14:29 | Create | Villager (Male) |
| 14:40 | Create | Villager (Male) |
| 14:48 | Create | Villager (Male) |
| 15:04 | Build | Blacksmith |
| 15:13 | Create | Villager (Male) |
| 15:28 | Build | Watch Tower |
| 15:29 | Build | Palisade Wall |
| 15:29 | Build | Palisade Wall |
| 15:30 | Build | Palisade Wall |
| 15:30 | Build | Palisade Wall |
| 15:31 | Build | Palisade Wall |
| 15:31 | Build | Palisade Wall |
| 15:32 | Build | Palisade Wall |
| 15:34 | Create | Villager (Male) |
| 15:35 | Create | Skirmisher |
| 15:51 | Create | Villager (Male) |
| 15:53 | Build | Farm |
| 15:53 | Build | Farm |
| 16:01 | Build | Farm |
| 16:05 | Research | Fletching |
| 16:09 | Create | Villager (Male) |
| 16:13 | Research | Double-Bit Axe |
| 16:39 | Create | Villager (Male) |
| 16:42 | Build | Farm |
| 16:44 | Build | Farm |
| 16:45 | Create | Villager (Male) |
| 16:47 | Build | House |
| 16:53 | Create | Villager (Male) |
| 16:56 | Create | Skirmisher |
| 17:21 | Create | Villager (Male) |
| 17:27 | Build | Watch Tower |
| 17:29 | Create | Villager (Male) |
| 17:44 | Build | Palisade Wall |
| 17:48 | Create | Villager (Male) |
| 17:55 | Create | Villager (Male) |
| 17:56 | Build | Farm |
| 17:56 | Build | Farm |
| 17:56 | Build | Farm |
| 17:57 | Build | Farm |
| 17:57 | Build | Farm |
| 17:57 | Build | Farm |
| 17:57 | Build | Farm |
| 18:07 | Build | House |
| 18:07 | Build | Palisade Wall |
| 18:12 | Create | Villager (Male) |
| 18:30 | Build | Palisade Wall |
| 18:30 | Build | Palisade Wall |
| 18:30 | Build | Palisade Wall |
| 18:31 | Build | Palisade Wall |
| 18:31 | Build | Palisade Wall |
| 18:32 | Build | Palisade Wall |
| 18:33 | Create | Villager (Male) |
| 18:35 | Build | Farm |
| 18:39 | Build | House |
| 18:39 | Build | Palisade Wall |
| 18:41 | Create | Villager (Male) |
| 19:00 | Create | Skirmisher |
| 19:37 | Create | Spearman |
| 19:41 | Build | Market |
| 19:47 | Build | House |
| 19:49 | Build | House |
| 19:52 | Build | Market |
| 19:53 | Create | Villager (Male) |
| 19:55 | Create | Villager (Male) |
| 20:05 | Research | Horse Collar |
| 20:06 | Build | Farm |
| 20:11 | Build | Farm |
| 20:11 | Build | Farm |
Match timeline
| 4:27 | JOJO ROAD ROLLER · first_building Barracks |
| 5:43 | JOJO ROAD ROLLER · wall_segment Palisade Wall x4 |
| 7:28 | Kalamalahala · first_building Barracks |
| 7:42 | Kalamalahala · wall_segment Palisade Wall x3 |
| 8:00 | Kalamalahala · wall_segment Palisade Wall x4 |
| 8:27 | JOJO ROAD ROLLER · wall_segment Palisade Wall x1 |
| 9:01 | JOJO ROAD ROLLER · age_up feudal |
| 9:11 | Kalamalahala · wall_segment Palisade Wall x1 |
| 9:13 | Kalamalahala · wall_segment Palisade Wall x1 |
| 9:15 | Kalamalahala · wall_segment Palisade Wall x1 |
| 9:16 | Kalamalahala · age_up feudal |
| 9:17 | Kalamalahala · wall_segment Palisade Wall x1 |
| 9:26 | Kalamalahala · wall_segment Palisade Wall x1 |
| 9:26 | Kalamalahala · wall_segment Palisade Wall x1 |
| 9:34 | JOJO ROAD ROLLER · first_building Archery Range |
| 9:38 | JOJO ROAD ROLLER · wall_segment Palisade Wall x7 |
| 9:40 | Kalamalahala · first_building Archery Range |
| 9:59 | Kalamalahala · wall_segment Palisade Wall x6 |
| 10:14 | Kalamalahala · wall_segment Palisade Wall x9 |
| 10:22 | Kalamalahala · wall_segment Palisade Wall x1 |
| 10:42 | Kalamalahala · wall_segment Stone Wall x1 |
| 10:49 | Kalamalahala · wall_segment Stone Wall x1 |
| 10:50 | Kalamalahala · wall_segment Stone Wall x1 |
| 11:00 | JOJO ROAD ROLLER · wall_segment Palisade Wall x13 |
| 11:32 | Kalamalahala · wall_segment Stone Wall x1 |
| 11:33 | Kalamalahala · wall_segment Stone Wall x1 |
| 11:35 | Kalamalahala · wall_segment Stone Wall x1 |
| 11:50 | JOJO ROAD ROLLER · wall_segment Palisade Wall x1 |
| 11:51 | JOJO ROAD ROLLER · wall_segment Palisade Wall x3 |
| 11:52 | JOJO ROAD ROLLER · wall_segment Palisade Wall x2 |
| 11:52 | JOJO ROAD ROLLER · wall_segment Palisade Wall x1 |
| 12:15 | Kalamalahala · wall_segment Palisade Wall x1 |
| 12:17 | Kalamalahala · wall_segment Palisade Wall x1 |
| 12:20 | Kalamalahala · wall_segment Palisade Wall x12 |
| 12:51 | JOJO ROAD ROLLER · wall_segment Palisade Wall x1 |
| 13:17 | Kalamalahala · wall_segment Stone Wall x1 |
| 13:17 | Kalamalahala · wall_segment Stone Wall x1 |
| 13:18 | Kalamalahala · wall_segment Stone Wall x1 |
| 13:24 | Kalamalahala · wall_segment Stone Wall x1 |
| 13:30 | Kalamalahala · wall_segment Stone Wall x1 |
| 13:31 | Kalamalahala · wall_segment Stone Wall x1 |
| 13:53 | Kalamalahala · wall_segment Palisade Wall x1 |
| 14:27 | Kalamalahala · wall_segment Palisade Wall x1 |
| 14:28 | Kalamalahala · wall_segment Palisade Wall x1 |
| 14:28 | Kalamalahala · wall_segment Palisade Wall x1 |
| 15:29 | JOJO ROAD ROLLER · wall_segment Palisade Wall x1 |
| 15:29 | JOJO ROAD ROLLER · wall_segment Palisade Wall x1 |
| 15:30 | JOJO ROAD ROLLER · wall_segment Palisade Wall x1 |
| 15:30 | JOJO ROAD ROLLER · wall_segment Palisade Wall x1 |
| 15:31 | JOJO ROAD ROLLER · wall_segment Palisade Wall x1 |
| 15:31 | JOJO ROAD ROLLER · wall_segment Palisade Wall x1 |
| 15:32 | JOJO ROAD ROLLER · wall_segment Palisade Wall x1 |
| 16:26 | Kalamalahala · wall_segment Palisade Wall x3 |
| 17:38 | Kalamalahala · wall_segment Stone Wall x2 |
| 17:38 | Kalamalahala · wall_segment Stone Wall x1 |
| 17:44 | JOJO ROAD ROLLER · wall_segment Palisade Wall x1 |
| 17:55 | Kalamalahala · wall_segment Stone Wall x1 |
| 17:56 | Kalamalahala · wall_segment Stone Wall x1 |
| 18:07 | JOJO ROAD ROLLER · wall_segment Palisade Wall x9 |
| 18:30 | JOJO ROAD ROLLER · wall_segment Palisade Wall x1 |
| 18:30 | JOJO ROAD ROLLER · wall_segment Palisade Wall x1 |
| 18:30 | JOJO ROAD ROLLER · wall_segment Palisade Wall x1 |
| 18:31 | JOJO ROAD ROLLER · wall_segment Palisade Wall x1 |
| 18:31 | JOJO ROAD ROLLER · wall_segment Palisade Wall x1 |
| 18:32 | JOJO ROAD ROLLER · wall_segment Palisade Wall x1 |
| 18:39 | JOJO ROAD ROLLER · wall_segment Palisade Wall x3 |
| 19:19 | Kalamalahala · first_building Stable |
| 20:41 | JOJO ROAD ROLLER · wall_segment Palisade Wall x1 |
| 20:44 | Kalamalahala · first_market_sell 100 stone |
| 20:45 | Kalamalahala · first_market_buy 100 wood |
| 20:46 | Kalamalahala · age_up castle |
| 20:53 | Kalamalahala · first_building Siege Workshop |
| 21:01 | Kalamalahala · wall_segment Palisade Wall x1 |
| 21:13 | JOJO ROAD ROLLER · first_market_buy 100 food |
| 21:14 | Kalamalahala · wall_segment Palisade Wall x1 |
| 21:15 | Kalamalahala · wall_segment Palisade Wall x1 |
| 21:49 | JOJO ROAD ROLLER · wall_segment Palisade Wall x3 |
| 23:36 | JOJO ROAD ROLLER · wall_segment Palisade Wall x1 |
| 23:38 | JOJO ROAD ROLLER · wall_segment Palisade Wall x1 |
| 23:38 | JOJO ROAD ROLLER · wall_segment Palisade Wall x1 |
| 23:54 | JOJO ROAD ROLLER · age_up castle |
| 23:56 | JOJO ROAD ROLLER · first_building Siege Workshop |
| 24:13 | JOJO ROAD ROLLER · wall_segment Palisade Wall x1 |
| 24:14 | JOJO ROAD ROLLER · wall_segment Palisade Wall x1 |
| 24:15 | JOJO ROAD ROLLER · wall_segment Palisade Wall x3 |
| 25:34 | JOJO ROAD ROLLER · first_market_sell 100 food |
| 26:14 | JOJO ROAD ROLLER · first_building Monastery |
| 29:44 | JOJO ROAD ROLLER · first_building Stable |
| 30:06 | Kalamalahala · first_building Castle |
| 35:08 | JOJO ROAD ROLLER · first_building Castle |
| 37:19 | JOJO ROAD ROLLER · age_up imperial |
| 37:23 | Kalamalahala · resign |
[ AI ANALYSIS · 1 CREDIT ]
What really happened in this match?
Wolo.gg analyzes every decision: build order, eco, micro, common mistakes by bracket. Personalized analysis on WhatsApp or Discord in 30 seconds.
Civ guide
Jurchens
Perfil
Kalamalahala